NCAA
RUTGERS SCARLET KNIGHTS @ TEXAS TECH RED RAIDERS
05/16/2023
 
TOP OF THE 1ST
Rutgers Scarlet Knights batting - Pitching for Texas Tech Red Raiders : RHP Hugh Polk
Pitching: RHP Hugh Polk
Batting: RHB Ed Ward 0-0: Bunt missed!
0-1: SINGLE (Flyball, 78S)
Batting: SHB Kevin Shelton 0-0: Ball
1-0: Ball
2-0: SINGLE (Flyball, 8LS)
Ed Ward to second
Batting: RHB Jeremy Clark 0-0: Ball
1-0: 3-RUN HOME RUN (Flyball, 8LXD), Distance : 393 ft
Batting: SHB William Daly 0-0: Ball
1-0: Swinging Strike
1-1: Foul Ball, location: 2F
1-2: Ball
2-2: Hit by Pitch
Pitching: RHP Joe Allen
Pinch Runner at 1st Dave Pierce:
Batting: LHB Bob Dunham 0-0: Ball
1-0: Ball
2-0: Called Strike
2-1: Foul Ball, location: 2F
2-2: Fly out, F6 (Popup, 6M)
Batting: RHB Darren Steele 0-0: Ball
Passed Ball!
Dave Pierce to second
1-0: Ball
2-0: Ground out 6-3 (Groundball, 6M)
Dave Pierce to third
Batting: RHB John Patterson 0-0: Ball
1-0: Called Strike
1-1: Swinging Strike
1-2: Strikes out swinging
Top of the 1st over - 3 run(s), 3 hit(s), 0 error(s), 1 left on base; Rutgers 3 - Texas Tech 0
BOTTOM OF THE 1ST
Texas Tech Red Raiders batting - Pitching for Rutgers Scarlet Knights : RHP Andrew Foster
Pitching: RHP Andrew Foster
Now in RF: Dave Pierce
Batting: RHB Terry Whitney 0-0: SINGLE (Groundball, 34D) (infield hit)
Batting: LHB Albert Cardona 0-0: Ball
1-0: Ball
2-0: SINGLE (Groundball, 34D)
Terry Whitney to second
Runner from 2nd tries for 3rd, SAFE, no throw or cutoff
Batting: RHB Luis Martínez 0-0: SINGLE (Groundball, 6MD)
Terry Whitney scores
Albert Cardona to second
Batting: RHB Walton Smith 0-0: Ball
1-0: Called Strike
1-1: Grounds into double play, 5-4-3 (Groundball, 56)
Albert Cardona to third
Batting: LHB Micheal Morgan 0-0: Ball
1-0: Swinging Strike
1-1: Ground out 1-3 (Groundball, 25)
Bottom of the 1st over - 1 run(s), 3 hit(s), 0 error(s), 1 left on base; Rutgers 3 - Texas Tech 1
TOP OF THE 2ND
Rutgers Scarlet Knights batting - Pitching for Texas Tech Red Raiders : RHP Joe Allen
Batting: RHB Chris Vásquez 0-0: Fly out, F8 (Flyball, 8LM)
Batting: RHB Buddy Brown 0-0: Fly out, F9 (Flyball, 89M)
Batting: RHB Ed Ward 0-0: Swinging Strike
0-1: Ball
1-1: Ball
2-1: Ball
3-1: Foul Ball, location: 2F
3-2: Foul Ball, location: 2F
3-2: Foul Ball, location: 2F
3-2: Strikes out swinging
Top of the 2nd over - 0 run(s), 0 hit(s), 0 error(s), 0 left on base; Rutgers 3 - Texas Tech 1
BOTTOM OF THE 2ND
Texas Tech Red Raiders batting - Pitching for Rutgers Scarlet Knights : RHP Homer House
Pitching: RHP Homer House
Batting: RHB Doug Williams 0-0: Swinging Strike
0-1: Ball
1-1: Ball
2-1: Swinging Strike
2-2: Strikes out looking
Batting: RHB Oliver Todd 0-0: Ground out 6-3 (Groundball, 6M)
Batting: RHB Steven Hill 0-0: Ball
1-0: Fly out, F3 (Popup, 3F)
Bottom of the 2nd over - 0 run(s), 0 hit(s), 0 error(s), 0 left on base; Rutgers 3 - Texas Tech 1
TOP OF THE 3RD
Rutgers Scarlet Knights batting - Pitching for Texas Tech Red Raiders : RHP Joe Allen
Batting: SHB Kevin Shelton 0-0: Ball
1-0: Swinging Strike
1-1: Ball
2-1: Ball
3-1: Base on Balls
Batting: RHB Jeremy Clark 0-0: Ball
1-0: Called Strike
1-1: Called Strike
1-2: Foul Ball, location: 2F
1-2: Ball
2-2: SINGLE (Flyball, 7S)
Kevin Shelton to second
Batting: RHB Dave Pierce 0-0: Hit by Pitch
Kevin Shelton to third
Jeremy Clark to second
Batting: LHB Bob Dunham 0-0: Called Strike
0-1: Ball
1-1: Ball
2-1: Foul Ball, location: 2F
2-2: Strikes out swinging
Batting: RHB Darren Steele 0-0: Ball
1-0: Called Strike
1-1: Grounds into double play, 5-4-3 (Groundball, 5)
Top of the 3rd over - 0 run(s), 1 hit(s), 0 error(s), 2 left on base; Rutgers 3 - Texas Tech 1
BOTTOM OF THE 3RD
Texas Tech Red Raiders batting - Pitching for Rutgers Scarlet Knights : RHP Homer House
Batting: RHB Bruce Jones 0-0: Foul Ball, location: 2F
0-1: SINGLE (Flyball, 7S)
Batting: RHB Terry Whitney 0-0: Foul Ball, location: 2F
0-1: Ball
1-1: SINGLE (Groundball, 56D) (infield hit)
Bruce Jones to second
Batting: LHB Albert Cardona 0-0: Called Strike
0-1: Foul Ball, location: 2F
0-2: SINGLE (Line Drive, 78S)
Bruce Jones to third
Terry Whitney to second
Runner from 3rd tries for Home, SAFE, throw made home
Terry Whitney to third
Albert Cardona to second
Batting: RHB Luis Martínez 0-0: Ball
1-0: Ball
2-0: Foul Ball, location: 2F
2-1: Ball
3-1: Base on Balls
Batting: RHB Walton Smith 0-0: Called Strike
0-1: Ball
1-1: Swinging Strike
1-2: Foul Ball, location: 2F
1-2: Foul Ball, location: 2F
1-2: SINGLE (Line Drive, 78S)
Terry Whitney scores
Albert Cardona to third
Luis Martínez to second
Batting: LHB Micheal Morgan 0-0: Ball
1-0: Ball
2-0: Foul Ball, location: 2F
2-1: Called Strike
2-2: Strikes out swinging
Batting: RHB Doug Williams 0-0: Fly out, F2 (Popup, 2LF)
Batting: RHB Oliver Todd 0-0: Ball
1-0: Fly out, F7 (Flyball, 78M)
Bottom of the 3rd over - 2 run(s), 4 hit(s), 0 error(s), 3 left on base; Rutgers 3 - Texas Tech 3
TOP OF THE 4TH
Rutgers Scarlet Knights batting - Pitching for Texas Tech Red Raiders : RHP Joe Allen
Batting: RHB John Patterson 0-0: Called Strike
0-1: Called Strike
0-2: SINGLE (Line Drive, 78S)
Batting: RHB Chris Vásquez 0-0: Ball
1-0: Ball
2-0: Called Strike
2-1: SINGLE (Line Drive, 34)
John Patterson to second
Batting: RHB Buddy Brown 0-0: Called Strike
0-1: Swinging Strike
0-2: Ball
1-2: Foul Ball, location: 2F
1-2: Ball
2-2: Foul Ball, location: 2F
2-2: Ball
3-2: Base on Balls
John Patterson to third
Chris Vásquez to second
Pitching: LHP Fernando Salazar
Batting: RHB Ed Ward 0-0: Foul Ball, location: 2F
0-1: Foul Ball, location: 2F
0-2: Strikes out swinging
Batting: SHB Kevin Shelton 0-0: Ball
1-0: Called Strike
1-1: Ball
2-1: Foul Ball, location: 2F
2-2: Strikes out swinging
Batting: RHB Jeremy Clark 0-0: Called Strike
0-1: Ball
1-1: Foul Ball, location: 2F
1-2: Fly out, F4 (Popup, 8RS)
Top of the 4th over - 0 run(s), 2 hit(s), 0 error(s), 3 left on base; Rutgers 3 - Texas Tech 3
BOTTOM OF THE 4TH
Texas Tech Red Raiders batting - Pitching for Rutgers Scarlet Knights : RHP Homer House
Batting: RHB Steven Hill 0-0: Ball
1-0: Foul Ball, location: 2F
1-1: Ball
2-1: Ball
3-1: Base on Balls
Batting: RHB Bruce Jones 0-0: Ball
1-0: Ball
2-0: Called Strike
2-1: Called Strike
2-2: DOUBLE (Flyball, 9M)
Steven Hill to third
Runner from 3rd tries for Home, SAFE, throw made home
Batting: RHB Terry Whitney 0-0: Called Strike
0-1: Ball
1-1: Fly out, F6 (Popup, 56)
Batting: LHB Albert Cardona 0-0: Ball
1-0: Called Strike
1-1: Swinging Strike
1-2: Strikes out looking
Pitching: LHP Héctor Ontiveros
Batting: RHB Luis Martínez 0-0: Ball
1-0: Called Strike
1-1: Called Strike
1-2: Fly out, F9 (Flyball, 9M)
Bottom of the 4th over - 1 run(s), 1 hit(s), 0 error(s), 1 left on base; Rutgers 3 - Texas Tech 4
TOP OF THE 5TH
Rutgers Scarlet Knights batting - Pitching for Texas Tech Red Raiders : LHP Fernando Salazar
Batting: RHB Dave Pierce 0-0: Called Strike
0-1: Ball
1-1: Fly out, F3 (Popup, 34)
Batting: LHB Bob Dunham 0-0: Ground out 6-3 (Groundball, 6)
Batting: RHB Darren Steele 0-0: Ball
1-0: Swinging Strike
1-1: Called Strike
1-2: Ball
2-2: Strikes out swinging
Top of the 5th over - 0 run(s), 0 hit(s), 0 error(s), 0 left on base; Rutgers 3 - Texas Tech 4
BOTTOM OF THE 5TH
Texas Tech Red Raiders batting - Pitching for Rutgers Scarlet Knights : LHP Héctor Ontiveros
Batting: RHB Walton Smith 0-0: Called Strike
0-1: Ball
1-1: Ball
2-1: Called Strike
2-2: Foul Ball, location: 2F
2-2: Foul Ball, location: 2F
2-2: SINGLE (Line Drive, 89M)
Batting: LHB Micheal Morgan 0-0: Called Strike
0-1: Ball
1-1: Swinging Strike
1-2: Foul Ball, location: 2F
1-2: Strikes out swinging
Batting: RHB Doug Williams 0-0: Swinging Strike
0-1: Called Strike
0-2: Strikes out swinging
Batting: RHB Oliver Todd 0-0: Called Strike
0-1: Ball
1-1: Foul Ball, location: 2F
1-2: Ball
2-2: Ball
3-2: Base on Balls
Walton Smith to second
Batting: RHB Steven Hill 0-0: Ball
1-0: Swinging Strike
1-1: Foul Ball, location: 2F
1-2: Strikes out swinging
Bottom of the 5th over - 0 run(s), 1 hit(s), 0 error(s), 2 left on base; Rutgers 3 - Texas Tech 4
TOP OF THE 6TH
Rutgers Scarlet Knights batting - Pitching for Texas Tech Red Raiders : LHP Fernando Salazar
Batting: RHB John Patterson 0-0: Swinging Strike
0-1: Foul Ball, location: 2F
0-2: Strikes out looking
Batting: RHB Chris Vásquez 0-0: Ground out 5-3 (Groundball, 5)
Batting: RHB Buddy Brown 0-0: Foul Ball, location: 2F
0-1: Swinging Strike
0-2: Foul Ball, location: 2F
0-2: Foul Ball, location: 2F
0-2: Strikes out looking
Top of the 6th over - 0 run(s), 0 hit(s), 0 error(s), 0 left on base; Rutgers 3 - Texas Tech 4
BOTTOM OF THE 6TH
Texas Tech Red Raiders batting - Pitching for Rutgers Scarlet Knights : LHP Héctor Ontiveros
Batting: RHB Bruce Jones 0-0: Called Strike
0-1: Fly out, F7 (Flyball, 7LSF)
Batting: RHB Terry Whitney 0-0: Ground out 5-3 (Groundball, 56S)
Batting: LHB Albert Cardona 0-0: Called Strike
0-1: Called Strike
0-2: Ball
1-2: DOUBLE (Line Drive, 7LM)
Batting: RHB Luis Martínez 0-0: Ball
1-0: Ball
2-0: Foul Ball, location: 2F
2-1: Foul Ball, location: 2F
2-2: Strikes out swinging
Bottom of the 6th over - 0 run(s), 1 hit(s), 0 error(s), 1 left on base; Rutgers 3 - Texas Tech 4
TOP OF THE 7TH
Rutgers Scarlet Knights batting - Pitching for Texas Tech Red Raiders : LHP Fernando Salazar
Pitching: RHP Jorge Ramírez
Batting: RHB Ed Ward 0-0: Ground out 6-3 (Groundball, 6)
Batting: SHB Kevin Shelton 0-0: Ball
1-0: Called Strike
1-1: Called Strike
1-2: Fly out, F9 (Flyball, 89S)
Batting: RHB Jeremy Clark 0-0: Called Strike
0-1: Ball
1-1: Foul Ball, location: 2F
1-2: Foul Ball, location: 2F
1-2: Strikes out swinging
Top of the 7th over - 0 run(s), 0 hit(s), 0 error(s), 0 left on base; Rutgers 3 - Texas Tech 4
BOTTOM OF THE 7TH
Texas Tech Red Raiders batting - Pitching for Rutgers Scarlet Knights : LHP Héctor Ontiveros
Pitching: LHP Jeff Jackson
Batting: RHB Walton Smith 0-0: Ball
1-0: Called Strike
1-1: Swinging Strike
1-2: Ball
2-2: Strikes out swinging
Batting: LHB Micheal Morgan 0-0: Called Strike
0-1: Ball
1-1: Ball
2-1: Ball
3-1: Foul Ball, location: 2F
3-2: Base on Balls
Batting: RHB Doug Williams 0-0: Called Strike
0-1: Swinging Strike
0-2: Strikes out swinging
Batting: RHB Oliver Todd 0-0: Ground out 4-3 (Groundball, 4)
Bottom of the 7th over - 0 run(s), 0 hit(s), 0 error(s), 1 left on base; Rutgers 3 - Texas Tech 4
TOP OF THE 8TH
Rutgers Scarlet Knights batting - Pitching for Texas Tech Red Raiders : RHP Jorge Ramírez
Batting: RHB Dave Pierce 0-0: Swinging Strike
0-1: Called Strike
0-2: Ball
1-2: Fly out, F9 (Line Drive, 9M)
Batting: LHB Bob Dunham 0-0: Called Strike
0-1: Ball
1-1: Ground out 4-3 (Groundball, 4)
Batting: RHB Darren Steele 0-0: Called Strike
0-1: Fly out, F9 (Flyball, 9M)
Top of the 8th over - 0 run(s), 0 hit(s), 0 error(s), 0 left on base; Rutgers 3 - Texas Tech 4
BOTTOM OF THE 8TH
Texas Tech Red Raiders batting - Pitching for Rutgers Scarlet Knights : LHP Jeff Jackson
Batting: RHB Steven Hill 0-0: Ball
1-0: Called Strike
1-1: Ball
2-1: SINGLE (Groundball, 5L)
Pinch Hitting: RHB Manuel Gonzáles 0-0: Called Strike
0-1: Bunted foul
0-2: Ball
1-2: SINGLE (Groundball, 34D)
Steven Hill to second
Runner from 2nd tries for 3rd, SAFE, throw made to third
Batting: RHB Terry Whitney 0-0: Ball
1-0: Called Strike
1-1: Fly out, F9 (Flyball, 89M)
Runner from 3rd tags up, SCORES, no throw
Batting: LHB Albert Cardona 0-0: Ball
1-0: Fly out, F5 (Popup, 25F)
Batting: RHB Luis Martínez 0-0: Ball
1-0: Ball
2-0: Foul Ball, location: 2F
2-1: Foul Ball, location: 2F
2-2: Ground out 6-3 (Groundball, 6)
Bottom of the 8th over - 1 run(s), 2 hit(s), 0 error(s), 1 left on base; Rutgers 3 - Texas Tech 5
TOP OF THE 9TH
Rutgers Scarlet Knights batting - Pitching for Texas Tech Red Raiders : RHP Jorge Ramírez
Pitching: RHP Ronald Stone
Now at 3B: Jeremy Kennedy
Batting: RHB John Patterson 0-0: Called Strike
0-1: Ball
1-1: Ball
2-1: Ball
3-1: Base on Balls
Batting: RHB Chris Vásquez 0-0: Called Strike
0-1: SINGLE (Line Drive, 56)
John Patterson to second
Batting: RHB Buddy Brown 0-0: Foul Ball, location: 2F
0-1: Ball
1-1: Ball
2-1: Ball
3-1: Base on Balls
John Patterson to third
Chris Vásquez to second
Batting: RHB Ed Ward 0-0: Ball
1-0: Ball
2-0: Called Strike
2-1: Called Strike
2-2: Strikes out looking
Batting: SHB Kevin Shelton 0-0: Swinging Strike
0-1: Called Strike
0-2: Ball
1-2: Strikes out swinging
Batting: RHB Jeremy Clark 0-0: Ball
1-0: Ball
2-0: Ball
3-0: Base on Balls
John Patterson scores
Chris Vásquez to third
Buddy Brown to second
Batting: RHB Dave Pierce 0-0: Swinging Strike
0-1: Ball
1-1: Ball
2-1: Ball
3-1: Base on Balls
Chris Vásquez scores
Buddy Brown to third
Jeremy Clark to second
Batting: LHB Bob Dunham 0-0: Called Strike
0-1: Ball
1-1: Ground out 3-1 (Groundball, 34S)
Top of the 9th over - 2 run(s), 1 hit(s), 0 error(s), 3 left on base; Rutgers 5 - Texas Tech 5
BOTTOM OF THE 9TH
Texas Tech Red Raiders batting - Pitching for Rutgers Scarlet Knights : LHP Jeff Jackson
Pitching: RHP Geoff Jones
Batting: RHB Walton Smith 0-0: Ball
1-0: Called Strike
1-1: Fly out, F7 (Line Drive, 7LM)
Batting: LHB Micheal Morgan 0-0: Foul Ball, location: 2F
0-1: SINGLE (Groundball, 34) (infield hit)
Batting: RHB Doug Williams 0-0: Swinging Strike
0-1: Ball
1-1: Ball
2-1: Ball
3-1: Base on Balls
Micheal Morgan to second
Batting: RHB Oliver Todd 0-0: Foul Ball, location: 2F
0-1: Foul Ball, location: 2F
0-2: Hit by Pitch
Micheal Morgan to third
Doug Williams to second
Batting: RHB Steven Hill 0-0: Ball
1-0: Ball
2-0: Ball
3-0: Called Strike
3-1: Foul Ball, location: 2F
3-2: Grounds into fielders choice 5-2 (Groundball, 5)
Doug Williams to third
Oliver Todd to second
Batting: RHB Jeremy Kennedy 0-0: Foul Ball, location: 2F
0-1: Fly out, F8 (Flyball, 8RM)
Bottom of the 9th over - 0 run(s), 1 hit(s), 0 error(s), 3 left on base; Rutgers 5 - Texas Tech 5
TOP OF THE 10TH
Rutgers Scarlet Knights batting - Pitching for Texas Tech Red Raiders : RHP Ronald Stone
Batting: RHB Darren Steele 0-0: Ball
1-0: Ball
2-0: Foul Ball, location: 2F
2-1: Ball
3-1: SINGLE (Groundball, 34D)
Batting: RHB John Patterson 0-0: Foul Ball, location: 2F
0-1: Ball
1-1: DOUBLE (Flyball, 7LM)
Darren Steele to third
Batting: RHB Chris Vásquez 0-0: Intentional Walk
Batting: RHB Buddy Brown 0-0: Fly out, F8 (Flyball, 8LM)
Runner from 3rd tags up, SCORES, throw made
Pitching: RHP Alan Bailey
Batting: RHB Ed Ward 0-0: Ball
1-0: Ball
2-0: Ball
3-0: Called Strike
3-1: Foul Ball, location: 2F
3-2: Foul Ball, location: 2F
3-2: Foul Ball, location: 2F
3-2: Foul Ball, location: 2F
3-2: Base on Balls
John Patterson to third
Chris Vásquez to second
Batting: SHB Kevin Shelton 0-0: Ball
1-0: Called Strike
1-1: SINGLE (Line Drive, 8LS)
John Patterson scores
Chris Vásquez to third
Ed Ward to second
Runner from 3rd tries for Home, SAFE, no throw or cutoff
Batting: RHB Jeremy Clark 0-0: Swinging Strike
0-1: Ball
1-1: Ball
2-1: Ball
3-1: Called Strike
3-2: Strikes out swinging
Batting: RHB Dave Pierce 0-0: Called Strike
0-1: Ball
Single, Error in OF, E9, batter to second base
Ed Ward scores
Kevin Shelton to third
Batting: LHB Bob Dunham 0-0: Ball
1-0: Called Strike
1-1: Foul Ball, location: 2F
1-2: Ball
2-2: Fly out, F7 (Flyball, 7M)
Top of the 10th over - 4 run(s), 4 hit(s), 1 error(s), 2 left on base; Rutgers 9 - Texas Tech 5
BOTTOM OF THE 10TH
Texas Tech Red Raiders batting - Pitching for Rutgers Scarlet Knights : RHP Geoff Jones
Batting: RHB Terry Whitney 0-0: Swinging Strike
0-1: Foul Ball, location: 2F
0-2: Fly out, F3 (Popup, 3SF)
Batting: LHB Albert Cardona 0-0: Foul Ball, location: 2F
0-1: Ball
1-1: Ball
2-1: Called Strike
2-2: Foul Ball, location: 2F
2-2: Strikes out looking
Batting: RHB Luis Martínez 0-0: Called Strike
0-1: Foul Ball, location: 2F
0-2: Foul Ball, location: 2F
0-2: Strikes out looking
Bottom of the 10th over - 0 run(s), 0 hit(s), 0 error(s), 0 left on base; Rutgers 9 - Texas Tech 5
This league is powered by Out of the Park Baseball, the baseball management simulation game for PC, Mac and Linux
Wednesday, December 2nd, 2015 - OOTP Baseball 16.8 Build 38